 Dungeon Crawl Stone Soup version 0.30-a0-883-g5ad918d77d (webtiles) character file.

Game seed: 3987544224265195107

34062 Newt the Cleaver (level 13, -4/96 HPs)
             Began as a Demonspawn Gladiator on Mar 16, 2023.
             Was a High Priest of Makhleb.
             Killed from afar by Azrael (34 damage)
             ... with a fireball
             ... on level 2 of the Orcish Mines.
             The game lasted 00:23:36 (16480 turns).

Newt the Cleaver (Demonspawn Gladiator)            Turns: 16480, Time: 00:23:36

Health: -4/96      AC: 22    Str: 24    XL:     13   Next: 40%
Magic:  19/19      EV: 12    Int:  4    God:    Makhleb [*****.]
Gold:   774        SH:  0    Dex: 17    Spells: 12/12 levels left

rFire   . . .      SeeInvis .    O - +9 war axe of the Dove {protect, Fragile rElec rPois rN+++}
rCold   + . .      Faith    .    (no shield)
rNeg    + + +      Spirit   .    E - +4 ring mail of Spite {Str+2 Dex-3 Slay+3}
rPois   +          Reflect  .    (helmet restricted)
rElec   +          Rampage  .    (no cloak)
rCorr   +                        A - +0 pair of gloves of Fae the Good {Dex+3}
Will    +++++                    (no boots)
Stlth   ++                       V - amulet of regeneration
HPRegen 1.96/turn                g - ring "Renus" {rN+ Will++ Str+6 Int-5 Stlth+}
MPRegen 0.16/turn                S - ring "Keivink" {Fly rC+ Will+++ rCorr Dex-2}

@: under a protective aura, flying
A: horns 2, slimy green scales 2, demonic guardian 3, icemail 1, condensation
shield, talons 1, agile 1, regeneration 1, weak 1
a: Renounce Religion, Minor Destruction, Lesser Servant of Makhleb, Major
Destruction, Greater Servant of Makhleb


You were on level 2 of the Orcish Mines.
You worshipped Makhleb.
Makhleb was extremely pleased with you.
You visited 3 branches of the dungeon, and saw 16 of its levels.
You also visited: Sewer, Ossuary and Ice Cave.

You collected 1134 gold pieces.
You spent 360 gold pieces at shops.

Inventory:

Hand Weapons
 a - a +4 spear of venom
 b - a +1 spear of freezing
 n - a +2 spear of venom
 q - a +1 whip of draining
 r - a +0 rapier
 M - a +1 halberd of venom
 O - the +9 war axe of the Dove (weapon) {protect, Fragile rElec rPois rN+++}
   (You found it on level 8 of the Dungeon)

   rElec:     It insulates you from electricity.
   rPois:     It protects you from poison.
   rN:        It renders you almost immune to negative energy.
   Fragile:   It will be destroyed if unequipped.
Missiles
 d - a boomerang of dispersal (quivered)
 e - 5 throwing nets
 y - a javelin
 L - 4 atropa-tipped darts
 W - 2 curare-tipped darts
 X - 8 boomerangs
 Y - 20 poisoned darts
Armour
 c - a +0 helmet
 A - the +0 pair of gloves of Fae the Good (worn) {Dex+3}
   (You found it on level 4 of the Dungeon)

   Dex:       It affects your dexterity (+3).
 D - a +1 leather armour
 E - the +4 ring mail of Spite (worn) {Str+2 Dex-3 Slay+3}
   (You found it on level 5 of the Dungeon)

   Str:       It affects your strength (+2).
   Dex:       It affects your dexterity (-3).
   Slay:      It affects your accuracy & damage with ranged weapons and melee
   (+3).
 P - a +0 pair of gloves
Jewellery
 g - the ring "Renus" (left hand) {rN+ Will++ Str+6 Int-5 Stlth+}
   (You acquired it on level 2 of the Dungeon)

   [ring of strength]

   Str:       It affects your strength (+6).
   Int:       It affects your intelligence (-5).
   rN:        It protects you from negative energy.
   Will:      It greatly increases your willpower.
   Stlth:     It makes you more stealthy.
 v - a +6 ring of intelligence
 w - a +4 ring of protection
 Q - an amulet of magic regeneration
 S - the ring "Keivink" (right hand) {Fly rC+ Will+++ rCorr Dex-2}
   (You found it in an ice cave)

   [ring of protection from cold]

   Dex:       It affects your dexterity (-2).
   rC:        It protects you from cold.
   Fly:       It grants you flight.
   rCorr:     It protects you from acid and corrosion.
   Will:      It greatly increases your willpower.
 V - an amulet of regeneration (around neck)
Wands
 R - a wand of roots (14)
 U - a wand of mindburst (9)
Scrolls
 f - 11 scrolls of teleportation
 i - a scroll of fear
 u - 2 scrolls of enchant armour
 C - 8 scrolls of amnesia
 F - a scroll of blinking {unknown}
 H - a scroll of silence {unknown}
 J - 2 scrolls of torment {unknown}
 N - 2 scrolls of fog {unknown}
 Z - a scroll of poison
Potions
 h - a potion of resistance
 j - 2 potions of magic
 k - 2 potions of haste
 l - 3 potions of berserk rage
 m - 5 potions of flight
 o - 3 potions of invisibility
 p - 5 potions of lignification
 s - 2 potions of degeneration
 t - 3 potions of might
 x - 2 potions of brilliance {unknown}
 z - 2 potions of mutation
 B - a potion of attraction
 G - 3 potions of ambrosia {unknown}
 I - 2 potions of cancellation {unknown}
 K - 3 potions of curing
 T - a potion of heal wounds


   Skills:
 - Level 7.0 Fighting
 - Level 2.6 Short Blades
 - Level 12.6(14.0) Axes
 - Level 10.0(12.7) Polearms
 - Level 6.0 Throwing
 - Level 8.0 Armour
 - Level 2.6 Dodging
 - Level 1.5 Stealth
 + Level 8.5 Invocations
 - Level 6.0 Evocations


You had 12 spell levels left.
You didn't know any spells.
Your spell library contained the following spells:

 Spells                   Type           Power      Damage    Failure   Level
 Beastly Appendage        Tmut           0%         N/A       63%         1
 Freeze                   Ice            0%         1d3       63%         1
 Ensorcelled Hibernation  Hex/Ice        0%         N/A       77%         2
 Wereblood                Tmut           0%         N/A       77%         2
 Frozen Ramparts          Ice            0%         1d1       94%         3
 Hailstorm                Conj/Ice       0%         3d3       94%         3
 Spider Form              Tmut/Pois      0%         N/A       94%         3
 Anguish                  Hex/Necr       0%         N/A       100%        4
 Ice Form                 Ice/Tmut       0%         N/A       100%        4
 Ozocubu's Refrigeration  Ice            0%         4d7       100%        7


Dungeon Overview and Level Annotations

Branches:
Dungeon (13/15)            Temple (1/1) D:7            Lair (0/5) D:8
    Orc (2/2) D:11          Sewer (visited)         Ossuary (visited)
  IceCv (visited)
    Elf: Orc:2       Vaults: D:13-14

Altars:
Ashenzari
Cheibriados
Dithmenos
Fedhas
Gozag
Hepliaklqana
Kikubaaqudgha
Makhleb
Nemelex Xobeh
Okawaru
Qazlal
Ru
Sif Muna
Trog
Uskayaw
Vehumet
Wu Jian
Xom
Yredelemnul
Lugonu

Shops:
D:8 :   D:9 (==:   D:11 =

Portals:
Abyss: D:3

Annotations:
D:9 3 runed translucent doors, tarna41's ghost, novice MiBe
Orc:2 Azrael


Innate Abilities, Weirdness & Mutations

You have a pair of horns on your head.
You are mostly covered in slimy green scales. (AC +3)
A powerful demonic guardian rushes to your aid.
A meltable icy envelope protects you from harm. (AC +0)
A meltable shield of frost defends you. (SH +0)
You have sharp toenails.
You are agile. (Dex +4, Str/Int -1)
Your natural rate of healing is unusually fast.
You are weak. (Str -2)


Message History

Your ynoxinul gestures at the hell hound.
The iron shot hits the hell hound!!
The hell hound misses your ynoxinul. The fire elemental hits you.
The fire elemental burns you!
You slash Azrael! Your kick misses Azrael.
Azrael is moderately wounded.
You hit the hell hound. You hit the fire elemental.
Azrael hits you but does no damage.
The hell hound bites your ynoxinul but does no damage.
The hell hound bites you but does no damage.
The fire elemental hits you. The fire elemental burns you!
A demonic guardian appears!
Your ynoxinul is engulfed in blazing flames.
Your ynoxinul dies!
Your ynoxinul disappears in a puff of smoke!
The hell hound barks!
You slash Azrael! You claw Azrael.
Azrael is heavily wounded.
You slash the hell hound! You slash the fire elemental!
The hell hound bites you but does no damage.
The hell hound breathes flames at you.
The blast of flame hits the fire elemental.
The fire elemental completely resists.
The blast of flame misses you. Azrael gestures at you.
The fireball explodes!
The fireball engulfs you!
The fireball engulfs the hell hound.
The hell hound completely resists.
The fireball engulfs Azrael.
Azrael completely resists.
The fireball engulfs the fire elemental.
The fire elemental completely resists.
Unknown command.
Unknown command.
Okay, then.
Unknown command.
You slash Azrael! You claw Azrael.
Azrael is severely wounded.
You catch the helpless hell hound completely off-guard!
You hit the hell hound.
The hell hound bites you but does no damage.
Azrael gestures at you.
The fireball explodes!
The fireball engulfs you!!
You die...

##### ##### #...# ....#
#...### ....### ###.....#
......## ###.#.....###
.......# ##......R3...##
.).....###......@hE....#
))......###......E○°...#
.)......#.........h.°.##
.#...................°....
###.##.........###.....(○.
# ###.........## #.....(..
######.........# #........
................#......#..
.........#......#......#.#


You could see Azrael, 2 fire elementals, 2 hell hounds and a friendly sixfirhy
(summoned).

Vanquished Creatures
  An azure jelly (IceCv)
  A centaur warrior (D:13)
  A two-headed ogre (D:10)
  A boulder beetle (D:12)
  An orc knight (D:11)
  2 cyclopes
  An ugly thing (D:11)
  A manticore (D:11)
  2 ice statues (IceCv)
  2 gargoyles (D:11)
  3 unseen horrors
  A rime drake (D:8)
  5 kobold demonologists
  A freezing wraith (D:11)
  8 trolls
  5 meliai (D:11)
  2 polar bears (D:8)
  17 slime creatures
  2 shadows (D:11)
  4 wraiths
  13 yaks
  A vampire (D:13)
  3 wyverns
  A fire elemental (Orc:2)
  3 steam dragons
  16 vampire mosquitoes
  An acid dragon (D:13)
  A water moccasin (D:9)
  A black bear (D:8)
  11 orc warriors
  A sky beast (D:7)
  8 ice beasts
  3 great orb of eyes simulacra (IceCv)
  7 ogres
  9 centaurs
  7 kobold brigands
  2 phantoms
  4 slime creature simulacra (IceCv)
  3 elf zombies (Ossuary)
  2 gnoll sergeants
  3 bullfrogs
  A two-headed ogre simulacrum (D:11)
  2 scorpions
  3 glowing shapeshifter simulacra (IceCv)
  12 wights
  27 killer bees (D:11)
  4 howler monkeys
  A centaur zombie (Ossuary)
  A human zombie (Ossuary)
  4 hounds
  5 jellies
  6 orc priests
  4 iguanas
  A sleepcap (D:6)
  12 orc wizards
  3 shapeshifter simulacra (IceCv)
  2 mummies (Ossuary)
  Robin (D:3)
  14 gnolls
  9 adders
  3 naga simulacra (D:11)
  A shadow imp (D:7)
  A white imp (D:7)
  A howler monkey simulacrum (D:11)
  3 adder zombies (Ossuary)
  A worm (D:3)
  A dart slug (D:1)
  41 orcs
  5 bats
  6 endoplasms
  2 giant cockroaches
  14 goblins
  10 hobgoblins
  5 quokkas
  14 ball pythons
  13 frilled lizards
  A goblin zombie (Ossuary)
  10 hobgoblin zombies (Ossuary)
  2 jackal zombies (Ossuary)
  26 kobolds
  12 kobold zombies (Ossuary)
  4 orc zombies (Ossuary)
  13 rats
  A lurking horror (D:3)
463 creatures vanquished.

Vanquished Creatures (collateral kills)
  An azure jelly (IceCv)
  A quicksilver ooze (IceCv)
  A cyclops (D:11)
  An ice statue (IceCv)
  A meliai (D:11)
  A queen bee (D:11)
  10 slime creatures
  A slime creature simulacrum (IceCv)
  A centaur (D:4)
  A kobold brigand (D:12)
  A scorpion (D:4)
  A killer bee (D:11)
  A gnoll (D:5)
  An adder (D:5)
  4 orcs
  An endoplasm (D:4)
28 creatures vanquished.

Grand Total: 491 creatures vanquished

Notes
Turn   | Place    | Note
-------+----------+-------------------------------------------
     0 | D:1      | Newt the Demonspawn Gladiator began the quest for the Orb.
     0 | D:1      | Reached XP level 1. HP: 16/16 MP: 1/1
    42 | D:1      | Reached skill level 1 in Stealth
   222 | D:1      | Gained mutation: A meltable shield of frost defends you.
                  | (SH +0) [demonic ancestry]
   222 | D:1      | Reached XP level 2. HP: 22/22 MP: 2/2
  1382 | D:2      | Gained mutation: A weak demonic guardian rushes to your
                  | aid. [demonic ancestry]
  1382 | D:2      | Reached XP level 3. HP: 28/29 MP: 3/3
  1603 | D:2      | Identified a scroll of acquirement
  1603 | D:2      | Acquired the ring "Renus" {rN+ Will++ Str+6 Int-5 Stlth+}
  2033 | D:3      | Found a corrupted altar of Lugonu.
  2034 | D:3      | Found a one-way gate to the infinite horrors of the Abyss.
  2079 | D:3      | Gained mutation: You have a pair of small horns on your
                  | head. [demonic ancestry]
  2079 | D:3      | Reached XP level 4. HP: 37/37 MP: 4/4
  2600 | D:3      | Reached skill level 1 in Armour
  2796 | D:4      | Gained mutation: A demonic guardian rushes to your aid.
                  | [demonic ancestry]
  2796 | D:4      | Reached XP level 5. HP: 42/42 MP: 5/5
  2866 | D:4      | Noticed an ogre
  2874 | D:4      | Killed an ogre
  2875 | D:4      | Reached skill level 1 in Polearms
  2889 | D:4      | Reached XP level 6. HP: 17/48 MP: 6/6
  3394 | D:4      | Identified the +0 pair of gloves of Fae the Good {Dex+3}
  3415 | D:4      | Noticed Robin
  3448 | D:3      | Killed Robin
  3620 | D:4      | Gained mutation: You are partially covered in slimy green
                  | scales. (AC +2) [demonic ancestry]
  3620 | D:4      | Reached XP level 7. HP: 28/54 MP: 7/7
  4046 | D:5      | Entered Level 5 of the Dungeon
  4282 | D:5      | Reached skill level 5 in Polearms
  4319 | D:5      | Found a glowing drain.
  4332 | Sewer    | Entered a sewer
  4926 | D:5      | Gained mutation: You are mostly covered in slimy green
                  | scales. (AC +3) [demonic ancestry]
  4926 | D:5      | Reached XP level 8. HP: 59/60 MP: 8/8
  5246 | D:5      | Identified the +4 ring mail of Spite {Str+2 Dex-3 Slay+3}
  6083 | D:7      | Found a sand-covered staircase.
  6092 | Ossuary  | Entered an ossuary
  6235 | Ossuary  | Reached skill level 5 in Armour
  6550 | D:7      | Gained mutation: You have a pair of horns on your head.
                  | [demonic ancestry]
  6550 | D:7      | Reached XP level 9. HP: 65/65 MP: 9/9
  6630 | D:7      | Found an ancient bone altar of Kikubaaqudgha.
  6633 | D:7      | Found a snail-covered altar of Cheibriados.
  6633 | D:7      | Found an ornate altar of the Wu Jian Council.
  6633 | D:7      | Found an opulent altar of Gozag.
  7007 | D:7      | Reached skill level 5 in Throwing
  7069 | D:7      | Found a staircase to the Ecumenical Temple.
  7117 | Temple   | Entered the Ecumenical Temple
  7160 | Temple   | Became a worshipper of Makhleb the Destroyer
  7765 | D:6      | Reached * piety under Makhleb
  8456 | D:8      | Reached skill level 10 in Polearms
  8486 | D:8      | Gained mutation: A meltable icy envelope protects you from
                  | harm. (AC +0) [demonic ancestry]
  8486 | D:8      | Reached XP level 10. HP: 54/72 MP: 10/10
  8603 | D:8      | Reached skill level 5 in Fighting
  8609 | D:8      | Identified the +9 war axe of the Dove {protect, Fragile
                  | rElec rPois rN+++}
  8677 | D:8      | Found a staircase to the Lair.
  8772 | D:8      | Reached ** piety under Makhleb
  8886 | D:8      | Found Ralics's Book Boutique.
  8980 | D:8      | Reached skill level 1 in Axes
  9134 | D:9      | Noticed a manticore
  9153 | D:9      | Reached skill level 2 in Axes
  9220 | D:9      | Noticed tarna41's ghost (novice MiBe)
  9237 | D:9      | Found Ruiph's Jewellery Boutique.
  9317 | D:9      | Found a sparkling altar of Nemelex Xobeh.
  9357 | D:9      | Reached skill level 3 in Axes
  9524 | D:9      | Found Mymoxzed's Book Shoppe.
  9541 | D:9      | Reached skill level 4 in Axes
  9627 | D:9      | Found a runed translucent gate.
  9628 | D:9      | Found a runed translucent gate.
  9629 | D:9      | Found a runed translucent gate.
  9794 | D:9      | Found Geage's Jewellery Boutique.
  9833 | D:9      | Found Nuefychiash's Antique Weapon Shoppe.
 10067 | D:9      | Noticed a fire dragon
 10147 | D:10     | Entered Level 10 of the Dungeon
 10229 | D:10     | Reached skill level 5 in Axes
 10470 | D:10     | Found a sacrificial altar of Ru.
 10529 | D:10     | Reached skill level 6 in Axes
 10554 | D:10     | Noticed a two-headed ogre
 10561 | D:10     | Killed a two-headed ogre
 10562 | D:10     | Gained mutation: A powerful demonic guardian rushes to your
                  | aid. [demonic ancestry]
 10562 | D:10     | Reached XP level 11. HP: 71/84 MP: 11/11
 10564 | D:10     | Reached skill level 7 in Axes
 10866 | D:11     | Found a frozen archway.
 10895 | IceCv    | Entered an ice cave
 11220 | IceCv    | Reached *** piety under Makhleb
 12579 | IceCv    | Reached skill level 8 in Axes
 13041 | IceCv    | Reached skill level 9 in Axes
 13047 | IceCv    | Noticed a quicksilver ooze
 13056 | IceCv    | Killed a quicksilver ooze
 13398 | IceCv    | Reached XP level 12. HP: 91/91 MP: 12/12
 13413 | IceCv    | Found a viscous altar of Jiyva.
 13413 | IceCv    | Noticed an azure jelly
 13418 | IceCv    | Noticed an azure jelly
 13423 | IceCv    | Killed an azure jelly
 13424 | IceCv    | Reached skill level 10 in Axes
 13426 | IceCv    | HP: 3/91 [azure jelly (15)]
 13433 | IceCv    | Killed an azure jelly
 13452 | IceCv    | Got the Volume of Freezing
 13453 | IceCv    | Identified the +1 robe "Qoklaas" {rF++ Int+2 Dex-3}
 13455 | IceCv    | Got the ring "Keivink" {Fly rC+ Will+++ rCorr Dex-2}
 13651 | D:11     | Reached **** piety under Makhleb
 13773 | D:11     | Found Mopopem's Jewellery Boutique.
 13788 | D:11     | Found a staircase to the Orcish Mines.
 13807 | D:11     | Reached skill level 11 in Axes
 13996 | D:11     | Bought an amulet of regeneration for 360 gold pieces
 14136 | D:11     | Reached skill level 12 in Axes
 14187 | D:11     | Reached skill level 1 in Evocations
 14210 | D:11     | Reached ***** piety under Makhleb
 14774 | D:12     | Reached skill level 5 in Evocations
 14800 | D:12     | Reached XP level 13. HP: 96/96 MP: 13/13
 14802 | D:12     | Gained mutation: You are agile. (Dex +4, Str/Int -1)
                  | [potion of mutation]
 14802 | D:12     | Gained mutation: You have sharp toenails. [potion of
                  | mutation]
 14802 | D:12     | Gained mutation: You are weak. (Str -2) [potion of
                  | mutation]
 14802 | D:12     | Gained mutation: Your natural rate of healing is unusually
                  | fast. [potion of mutation]
 14856 | D:12     | Reached skill level 1 in Invocations
 15094 | D:12     | Identified the +2 ring mail of Mezcal {rC+ Dex+3 SInv}
 15345 | D:12     | Reached skill level 5 in Invocations
 15937 | D:13     | Found a radiant altar of Vehumet.
 16089 | Orc:1    | Entered Level 1 of the Orcish Mines
 16255 | Orc:2    | Entered Level 2 of the Orcish Mines
 16395 | Orc:2    | Reached ****** piety under Makhleb
 16467 | Orc:2    | Noticed Azrael
 16480 | Orc:2    | Killed from afar by Azrael

Illustrated notes

Levels and vault maps discovered:
D:1:      minmay_arrival_pointy, layout_loops_ring, serial_forest,
          infiniplex_forest_end_1, infiniplex_forest_split,
          infiniplex_forest_corner_1, infiniplex_forest_corner_1,
          infiniplex_forest_clump_diagonal, infiniplex_forest_lined_2,
          hangedman_decor_points
D:2:      layout_loops_ring
D:3:      layout_loops_ring, amcnicky_altar_lugonu_corruption
D:4:      layout_cave_pools, corexii_hall_statues_deadend, uniq_robin
D:5:      layout_loops_ring, portal_sewer_entry_d, minivault_26
D:6:      layout_gridville
D:7:      cheibrodos_quashed, layout_layer_cave, grunt_temple_overflow_open,
          minmay_temple_entry_mist, nicolae_ossuary_entry_monument
D:8:      layout_basic, hellmonk_lair_entry_icy, serial_shops,
          kennysheep_mini_moat
D:9:      layout_cave_pods, nemelex_xobeh_ov_fountains_minmay,
          gammafunk_ghost_split, serial_shops, shop_statue,
          nicolae_shop_advertising_works [nicolae_subvault_shop_adworks],
          nicolae_shop_behind_doors, shop
D:10:     layout_basic, mainiacjoe_overflow_alcove_4
D:11:     regret_index_combs_of_tragedy, layout_cave_pools, david_orc_3,
          serial_shops, shop, portal_ice_cave_entry_ice_simulacra
D:12:     layout_roguey, minmay_misc_feat_enclosed
D:13:     layout_gridville, david_vaults_4, grunt_ministairs_3,
          nicolae_vehumet_radiance
Temple:   hellmonk_temple_of_storms
Orc:1:    layout_caves, minmay_orc_temple_b
Orc:2:    grunt_orc_cross, layout_diamond_mine, lightli_orcish_oven, uniq_azrael

Skill      XL: |  1  2  3  4  5  6  7  8  9 10 11 12 13 |
---------------+----------------------------------------+-----
Stealth        | 1 |  1.5
Fighting       | 3 4 7 |  7.0
Armour         | 2 3 5 8 |  8.0
Polearms       | 2 4 6 8 10 | 10.0
Throwing       | 3 6 |  6.0
Axes           | 6 9 12 | 12.6
Evocations     | 5 6 |  6.0
Invocations    | 8 |  8.5
Short Blades   | |  2.6
Dodging        | |  2.6

Action                     |  1- 3 |  4- 6 |  7- 9 | 10-12 | 13-15 || total
---------------------------+-------+-------+-------+-------+-------++-------
  Melee: Rapier            |    65 |       |       |       |       ||    65
         Whip              |    53 |       |       |       |       ||    53
         Spear             |       |   110 |   370 |    47 |       ||   527
         Headbutt          |       |     6 |    71 |   115 |    34 ||   226
         Punch             |       |       |     3 |     6 |     3 ||    12
         Halberd           |       |       |    61 |       |       ||    61
         War axe           |       |       |       |   403 |   157 ||   560
         Kick              |       |       |       |       |    58 ||    58
  Throw: Throwing net      |       |     3 |       |       |       ||     3
         Javelin           |       |     1 |       |     8 |     2 ||    11
 Invoke: Lesser Servant of |       |       |       |       |     2 ||     2
    Use: Scroll            |     8 |     1 |     7 |     1 |     1 ||    18
         Potion            |       |     1 |     5 |     6 |     2 ||    14
   Stab: Sleeping          |     6 |     6 |    14 |     2 |     2 ||    30
         Held in net/web   |       |     1 |       |       |       ||     1
         Distracted        |       |       |     1 |     3 |     2 ||     6
 Armour: Leather armour    |    30 |    42 |    17 |       |       ||    89
         Ring mail         |       |       |    76 |   286 |   140 ||   502
  Dodge: Dodged            |    73 |    53 |   116 |   252 |   112 ||   606
  Block: Other             |    23 |    15 |    32 |    66 |    36 ||   172

Table legend: (Time is in decaauts)
 A = Elapsed time spent in this place.
 B = Non-inter-level travel time spent in this place.
 C = Inter-level travel time spent in this place.
 D = Time resting spent in this place.
 E = Time spent auto-exploring this place.
 F = Levels seen in this place.
 G = Mean time per level.
                   A        B        C        D        E       F      G
               +--------+--------+--------+--------+--------+-----+--------+
         Total |  16380 |  15655 |    725 |   4190 |   8643 |  19 |  862.1 |
       Dungeon |  12595 |  11893 |    702 |   2012 |   7910 |  13 |  968.8 |
        Temple |     52 |     44 |      8 |      0 |     22 |   1 |   52.0 |
  Orcish Mines |    381 |    367 |     14 |      0 |    285 |   2 |  190.5 |
         Sewer |    377 |    377 |      0 |      0 |    236 |   1 |  377.0 |
       Ossuary |    257 |    257 |      0 |      0 |    114 |   1 |  257.0 |
      Ice Cave |   2717 |   2717 |      0 |   2177 |     76 |   1 | 2717.0 |
               +--------+--------+--------+--------+--------+-----+--------+

Top non-repeatable levels by time:
   IceCv: 2717 daAuts
     D:7: 1578 daAuts
     D:1: 1363 daAuts
     D:4: 1266 daAuts
    D:11: 1165 daAuts
     D:5: 1094 daAuts
     D:9: 1017 daAuts
     D:6: 857 daAuts
     D:3: 850 daAuts
    D:12: 844 daAuts
     D:8: 831 daAuts
    D:10: 714 daAuts
     D:2: 578 daAuts
    D:13: 433 daAuts
   Sewer: 377 daAuts
